 Dungeon Crawl Stone Soup version 0.30-a0-726-gd89dcf765f (webtiles) character file.

Game seed: 17124555338033689546

69 Legacy the Shield-Bearer (level 3, 0/31 HPs)
             Began as a Demigod Fighter on Jan 29, 2023.
             Slain by a centaur skeleton (3 damage)
             ... on level 4 of the Dungeon.
             The game lasted 00:08:20 (2666 turns).

Legacy the Shield-Bearer (Demigod Fighter)          Turns: 2666, Time: 00:08:20

Health: 0/31       AC: 12    Str: 21    XL:     3   Next: 75%
Magic:  5/5        EV:  7    Int: 10    God:
Gold:   150        SH:  5    Dex: 13    Spells: 2/2 levels left

rFire   . . .      SeeInvis .    a - +0 war axe
rCold   . . .      Faith    .    c - +0 buckler
rNeg    . . .      Spirit   .    i - +0 chain mail
rPois   .          Reflect  .    (no helmet)
rElec   .          Harm     .    k - +1 cloak
rCorr   .          Rampage  .    (no gloves)
Will    .....                    u - +0 pair of boots Stlth
                                 (no amulet)
HPRegen 0.25/turn                (no ring)
MPRegen 0.09/turn                (no ring)

@: no status effects
A: high MP 1, forlorn, divine attributes
a: no special abilities


You were on level 4 of the Dungeon.
You visited 1 branch of the dungeon, and saw 4 of its levels.

You collected 150 gold pieces.

Inventory:

Hand Weapons
 a - a +0 war axe (weapon)
Armour
 b - a +0 scale mail
 c - a +0 buckler (worn)
 g - a scarf of shadows
 i - a +0 chain mail (worn)
 k - a +1 cloak (worn)
 u - a +0 pair of boots (worn)
Jewellery
 x - a ring of resist corrosion
Scrolls
 j - 2 scrolls of blinking
 l - a scroll of amnesia
 m - a scroll of vulnerability
 n - a scroll of immolation
 o - a scroll of torment
 p - a scroll of enchant armour
 q - a scroll of poison
 t - a scroll of fog
 v - a scroll of summoning {unknown}
 w - a scroll of fear {unknown}
 y - a scroll of identify
Potions
 d - a potion of might
 e - a potion of curing {unknown}
 f - a potion of degeneration {unknown}
 h - a potion of invisibility {unknown}
 r - a potion of haste {unknown}
 s - 2 potions of heal wounds {unknown}


   Skills:
 * Level 3.2 Fighting
 - Level 1.7 Axes
 + Level 3.1 Armour
 * Level 1.0 Dodging
 * Level 3.4 Shields


You had 2 spell levels left.
You didn't know any spells.
Your spell library contained the following spells:

 Spells                   Type           Power      Damage    Failure   Level
 Beastly Appendage        Tmut           0%         N/A       99%         1
 Wereblood                Tmut           0%         N/A       100%        2
 Spider Form              Tmut/Pois      0%         N/A       100%        3


Dungeon Overview and Level Annotations

Branches:
Dungeon (4/15)
 Temple: D:4-7

Annotations:
D:4 1 transporter, timneilson's ghost, amateur GrFi


Innate Abilities, Weirdness & Mutations

You have an increased reservoir of magic. (+10% MP)
You shall have no god before yourself.
Your divine heritage dramatically boosts your attributes as you level up.


Message History

You slash the centaur skeleton!
The centaur skeleton hits you but does no damage.
The centaur skeleton kicks you but does no damage.
The water moccasin skeleton bites you but does no damage.
You block timneilson's ghost's attack.
The shadow imp summons a swarm of flies.
The shadow imp hits you but does no damage.
The centaur skeleton barely misses you.
The centaur skeleton kicks you but does no damage.
The water moccasin skeleton bites you.
The water moccasin skeleton attacks as you move away!
The water moccasin skeleton barely misses you.
The centaur skeleton attacks as you move away!
The centaur skeleton hits you. The centaur skeleton misses you.
Timneilson's ghost hits you but does no damage.
The shadow imp shouts, "Quit, thou loggerheaded mumble-news bounder!"
The shadow imp hits you but does no damage.
The centaur skeleton closely misses you.
You block the centaur skeleton's attack.
You barely miss timneilson's ghost. You hit the centaur skeleton.
You hit the shadow imp. Timneilson's ghost hits you!
The shadow imp laughs crazily.
You block the shadow imp's attack.
The centaur skeleton hits you but does no damage.
The centaur skeleton barely misses you. Timneilson's ghost barely misses you.
The shadow imp shouts, "Slither home, thou warped ruttish flap-bat!"
The shadow imp gestures at you.
You barely resist. The centaur skeleton hits you.
The centaur skeleton barely misses you.
You completely miss timneilson's ghost. You hit the shadow imp.
You kill the shadow imp!
You slash the centaur skeleton!
The centaur skeleton hits you but does no damage.
The centaur skeleton completely misses you.
Timneilson's ghost lets out a mournful wail.
Timneilson's ghost hits you!
* * * LOW HITPOINT WARNING * * *
You block the water moccasin skeleton's attack.
The centaur skeleton hits you.
You die...

#.[ ....( # ##.# .... ##
#..# ..# .###..# #.# ####
..#..#############.####...#
#...##.................#
##.###........©........#
#.# #..#############..# #.#
#..#©...$ZZ@...#..# #.#
#..#......ZW...#..# ##.#
#..#..##...##..#..#
...###..#..#8...8#..#..#
....##..#..##...##..#..#
.....#..#.....©.....#..#
........#..##...##..#..#
..†.....#..#8...8#..#..#
........#..##)..##..#..#


You could see timneilson's ghost, 2 water moccasin skeletons and a centaur
skeleton.

Vanquished Creatures
  A gnoll (D:3)
  An adder (D:4)
  A shadow imp (D:4)
  A worm (D:2)
  2 dart slugs
  3 endoplasms
  3 giant cockroaches
  5 goblins
  2 hobgoblins (D:3)
  4 jackals (D:4)
  2 quokkas
  A ball python (D:3)
  3 bats
  2 frilled lizards
  7 kobolds
  4 rats
42 creatures vanquished.

Notes
Turn   | Place    | Note
-------+----------+-------------------------------------------
     0 | D:1      | Legacy the Demigod Fighter began the quest for the Orb.
     0 | D:1      | Reached XP level 1. HP: 18/18 MP: 3/3
   977 | D:2      | Reached XP level 2. HP: 25/25 MP: 4/4
  1234 | D:2      | You fall into a shaft and drop 1 floor!
  1955 | D:3      | Reached XP level 3. HP: 14/31 MP: 5/5
  2124 | D:3      | Noticed an angel
  2516 | D:4      | Reached skill level 1 in Dodging
  2591 | D:4      | Found a transporter.
  2628 | D:4      | Found a transporter.
  2628 | D:4      | Noticed timneilson's ghost (amateur GrFi)
  2666 | D:4      | Slain by a centaur skeleton

Illustrated notes

Levels and vault maps discovered:
D:1:      roderic_dead_forest, layout_basic
D:2:      layout_basic
D:3:      layout_rooms, zin_angel, chequers_ecumenical_altar_island,
          minmay_misc_feat_diagonals, serial_bayou_pond_b
D:4:      layout_cave_pods, ashenzari_altar_1, minmay_temple_entry_proselytizer,
          gammafunk_ghost_mausoleum, uniq_eustachio

Skill      XL: |  1  2  3 |
---------------+----------+-----
Shields        | 3 |  3.4
Fighting       | 3 |  3.2
Armour         | 3 |  3.1
Dodging        | 1 |  1.0
Axes           | |  1.7

Action                     || total
---------------------------++-------
  Melee: War axe           ||   151
    Use: Scroll            ||     8
 Armour: Chain mail        ||   167
         Scale mail        ||     5
  Dodge: Dodged            ||   108
  Block: Buckler           ||    61

Table legend: (Time is in decaauts)
 A = Elapsed time spent in this place.
 B = Non-inter-level travel time spent in this place.
 C = Inter-level travel time spent in this place.
 D = Time resting spent in this place.
 E = Time spent auto-exploring this place.
 F = Levels seen in this place.
 G = Mean time per level.
                   A        B        C        D        E       F      G
               +--------+--------+--------+--------+--------+-----+--------+
         Total |   2749 |   2643 |    106 |     68 |      0 |   4 |  687.2 |
       Dungeon |   2749 |   2643 |    106 |     68 |      0 |   4 |  687.2 |
               +--------+--------+--------+--------+--------+-----+--------+

Top non-repeatable levels by time:
     D:1: 971 daAuts
     D:2: 818 daAuts
     D:3: 783 daAuts
     D:4: 176 daAuts
